[Event "Team 45 45 League T90"]
[Site "Internet Chess Club"]
[Date "2021.11.06"]
[Round "5"]
[White "dwmt"]
[Black "Pawnchain"]
[Result "0-1"]
[WhiteElo "1149"]
[BlackElo "1348"]
[Opening "Polish (Sokolsky) opening"]
[ECO "A00"]
[Time "09:30:26"]
[PlyCount "100"]
[TimeControl "2700+45"]

1. b4 e5 2. Bb2 d6 3. e4 Nf6 4. Nc3 c6 5. a3 Be7 6. Nf3 Ng4 7. Ke2 Qb6 8. Qe1 c5
9. b5 a6 10. a4 axb5 11. axb5 Rxa1 12. Qxa1 c4 13. Qe1 Be6 14. h3 Nf6 15. Ng5
O-O 16. f3 Bd7 17. Qf2 Qxf2+ 18. Kxf2 h6 19. Nxf7 Kxf7 20. Bxc4+ Kg6 21. b6 Rc8
22. d3 Nc6 23. Bb5 Nh5 24. Nd5 Bh4+ 25. Ke3 Kh7 26. Bxc6 Rxc6 27. c4 Nf6 28. f4
exf4+ 29. Kxf4 Bg5+ 30. Kg3 Nxd5 31. cxd5 Rxb6 32. Bd4 Rb3 33. Rd1 Bb5 34. h4
Bf6 35. Kf4 Rxd3 36. Rxd3 Bxd3 37. e5 dxe5+ 38. Bxe5 Bxe5+ 39. Kxe5 Kg8 40. Ke6
Kf8 41. d6 Ke8 42. d7+ Kd8 43. Kf7 g5 44. Kg7 gxh4 45. Kxh6 b5 46. Kg5 b4 47.
Kxh4 b3 48. g4 b2 49. g5 b1=Q 50. g6 Bxg6 {White resigns} 0-1

[Event "Team 45 45 League T90"]
[Site "Internet Chess Club"]
[Date "2021.11.04"]
[Round "5"]
[White "Gojira"]
[Black "rookmaster23"]
[Result "1/2-1/2"]
[WhiteElo "1579"]
[BlackElo "1610"]
[Opening "Queen's pawn game"]
[ECO "D00"]
[Time "22:01:33"]
[PlyCount "59"]
[TimeControl "2700+45"]

1. d4 Nf6 2. Nc3 d5 3. Bf4 c5 4. e3 c4 5. Qd2 Bf5 6. f3 h6 7. g4 Bg6 8. Nb5 Na6
9. b3 e6 10. bxc4 dxc4 11. Bxc4 Rc8 12. Bb3 Bxc2 13. Kf2 Bxb3 14. axb3 Qb6 15.
Qa5 Rc2+ 16. Ne2 Qxa5 17. Rxa5 Bb4 18. Raa1 Nd5 19. Rac1 Rxc1 20. Rxc1 Ke7 21.
Nxa7 g5 22. Bg3 Bd2 23. Rc2 Bxe3+ 24. Kg2 Nab4 25. Rc4 Ra8 26. Nc8+ Kd8 27. Nb6
Ra2 28. Kf1 Ra1+ 29. Kg2 Ra2 30. Kf1 {Game drawn by mutual agreement} 1/2-1/2

[Event "Team 45 45 League T90"]
[Site "Internet Chess Club"]
[Date "2021.11.06"]
[Round "5"]
[White "liujf"]
[Black "WillC"]
[Result "1/2-1/2"]
[WhiteElo "1575"]
[BlackElo "1455"]
[Opening "Queen's pawn: London system"]
[ECO "A45"]
[Time "17:02:01"]
[PlyCount "140"]
[TimeControl "2700+45"]

1. d4 Nf6 2. Bf4 d6 3. Nc3 g6 4. e4 Bg7 5. Qd2 O-O 6. Bh6 e5 7. Nf3 exd4 8. Nxd4
Qe7 9. f3 Nc6 10. Bxg7 Kxg7 11. O-O-O a6 12. Bc4 Qe5 13. h3 Nxd4 14. Qxd4 Qxd4
15. Rxd4 Be6 16. Rhd1 b5 17. Bxe6 fxe6 18. Ne2 e5 19. R4d3 Rfc8 20. Nc3 Kf7 21.
Nd5 Nxd5 22. Rxd5 Rab8 23. g3 Ke6 24. Kd2 c6 25. Rd3 d5 26. Ke3 d4+ 27. Ke2 c5
28. f4 Rf8 29. Rf3 c4 30. Rdf1 exf4 31. gxf4 Rf7 32. f5+ gxf5 33. Rxf5 Rxf5 34.
Rxf5 Rd8 35. b3 d3+ 36. cxd3 cxd3+ 37. Kd2 Rd4 38. Rh5 Rd7 39. h4 Kf6 40. Rc5
Ke6 41. Rc3 Rd4 42. Rc6+ Ke5 43. Rxa6 Kxe4 44. Rh6 Rd7 45. Re6+ Kf5 46. Re3 Ra7
47. Kxd3 Rxa2 48. Re7 h6 49. Rd7 Rh2 50. Rd4 Rh3+ 51. Kc2 Ke5 52. Rb4 Kd6 53.
Kb2 Kc5 54. Ka3 Rh1 55. Rf4 Ra1+ 56. Kb2 Rh1 57. Rf5+ Kb4 58. Rh5 Rh2+ 59. Kc1
Kxb3 60. Rxb5+ Kc3 61. Rc5+ Kd4 62. Rh5 Kc3 63. Rc5+ Kd4 64. Rh5 Kc3 65. Kd1 Kd3
66. Ke1 Ke3 67. Kf1 Kf3 68. Kg1 Kg3 69. Rxh6 Rxh4 70. Rxh4 Kxh4 {Game drawn
because neither player has mating material} 1/2-1/2

[Event "Team 45 45 League T90"]
[Site "Internet Chess Club"]
[Date "2021.11.07"]
[Round "5"]
[White "gduranko"]
[Black "cayo89"]
[Result "0-1"]
[WhiteElo "1418"]
[BlackElo "1556"]
[Opening "Pirc defense"]
[ECO "B07"]
[Time "11:01:53"]
[PlyCount "102"]
[TimeControl "2700+45"]

1. e4 d6 2. d4 Nf6 3. Nc3 Nbd7 4. f4 e5 5. fxe5 dxe5 6. dxe5 Nxe5 7. Qxd8+ Kxd8
8. Bg5 Be6 9. O-O-O+ Kc8 10. Bxf6 gxf6 11. h3 Bh6+ 12. Kb1 c6 13. Be2 Kc7 14. g4
Rad8 15. Nf3 Nxf3 16. Bxf3 Bf4 17. Be2 Be5 18. Rd3 Rxd3 19. Bxd3 h5 20. Rg1 hxg4
21. hxg4 Bxg4 22. a3 Be6 23. Nd1 Rh2 24. b3 b5 25. Rf1 a5 26. Rf2 Rh1 27. Rf1
Rh4 28. Ne3 Rh3 29. Nf5 Bxb3 30. Bxb5 Bxc2+ 31. Kxc2 cxb5 32. Rb1 Kb6 33. Rd1
Rc3+ 34. Kb1 Rxa3 35. Rd7 Rc3 36. Ne7 Rb3+ 37. Kc2 a4 38. Nd5+ Kc5 39. Rxf7 Kd4
40. Nxf6 Bxf6 41. Rxf6 Kxe4 42. Rh6 Rf3 43. Rb6 Rb3 44. Re6+ Kd5 45. Re8 Kc5 46.
Rc8+ Kb4 47. Rh8 Ka3 48. Kc1 Rg3 49. Rb8 b4 50. Rd8 b3 51. Rd2 Rg1+ {White
resigns} 0-1

[Event "Team 45 45 League T90"]
[Site "Internet Chess Club"]
[Date "2021.11.07"]
[Round "5"]
[White "piirimae"]
[Black "sdcohle"]
[Result "1/2-1/2"]
[WhiteElo "1259"]
[BlackElo "1309"]
[Opening "French: Rubinstein variation"]
[ECO "C10"]
[Time "16:00:44"]
[PlyCount "57"]
[TimeControl "2700+45"]

1. e4 e6 2. d4 d5 3. Nc3 dxe4 4. Nxe4 Nd7 5. Nf3 Ngf6 6. Nxf6+ Nxf6 7. Bb5+ c6
8. Bd3 Be7 9. Ne5 O-O 10. O-O Qc7 11. Re1 Rd8 12. Re3 Qd6 13. c3 c5 14. dxc5
Qxc5 15. Qc2 Rd5 16. b4 Qc7 17. f4 b5 18. Rh3 g6 19. Be3 Bb7 20. Bd4 Rc8 21. Qf2
a6 22. Qh4 Qd8 23. Nxf7 Kxf7 24. Bxf6 Rh5 25. Bxe7 Rxh4 26. Bxd8 Rxh3 27. gxh3
Rxd8 28. Bf1 Rd2 29. a4 {Game drawn by mutual agreement} 1/2-1/2

[Event "Team 45 45 League T90"]
[Site "Internet Chess Club"]
[Date "2021.11.05"]
[Round "5"]
[White "fhunfi"]
[Black "VictorRed"]
[Result "1-0"]
[WhiteElo "1742"]
[BlackElo "1644"]
[Opening "Sicilian defense"]
[ECO "B20"]
[Time "22:00:46"]
[PlyCount "73"]
[TimeControl "2700+45"]

1. e4 c5 2. b3 Nc6 3. Bb2 e5 4. Bc4 Nf6 5. Nc3 Nxe4 6. Nxe4 d5 7. Bb5 dxe4 8.
Qh5 g6 9. Qxe5+ Qe7 10. Bxc6+ bxc6 11. Qxe7+ Bxe7 12. Bxh8 f6 13. Bg7 Kf7 14.
Bh6 g5 15. h4 gxh4 16. Bf4 f5 17. g3 Bf6 18. Rd1 hxg3 19. fxg3 Kg8 20. Ne2 Be6
21. Be3 c4 22. Bd4 Bg5 23. Nf4 Bf7 24. Kf2 cxb3 25. axb3 a5 26. Ra1 Be7 27. Bc3
Bc5+ 28. Kg2 e3 29. Rxa5 Rxa5 30. Bxa5 exd2 31. Bxd2 Bd6 32. c4 Be5 33. Re1 Bd4
34. Re7 Kf8 35. Rc7 c5 36. Kf3 h5 37. Be3 {Black resigns} 1-0

[Event "Team 45 45 League T90"]
[Site "Internet Chess Club"]
[Date "2021.11.05"]
[Round "5"]
[White "kabindra"]
[Black "fireball"]
[Result "0-1"]
[WhiteElo "1672"]
[BlackElo "1583"]
[Opening "French: advance, Paulsen attack"]
[ECO "C02"]
[Time "18:02:22"]
[PlyCount "92"]
[TimeControl "2700+45"]

1. e4 e6 2. d4 d5 3. e5 c5 4. c3 Nc6 5. Nf3 cxd4 6. cxd4 Qb6 7. Bd3 Bd7 8. O-O
Nxd4 9. Nbd2 Nxf3+ 10. Nxf3 Bb5 11. Be3 Qa6 12. Bxb5+ Qxb5 13. a4 Qd7 14. Qd2
Ne7 15. b4 Nf5 16. Nd4 Nxe3 17. fxe3 g6 18. Rf3 Bg7 19. Raf1 O-O 20. Nb5 Bxe5
21. h4 a6 22. Nd4 Bxd4 23. exd4 Qxa4 24. h5 Qd7 25. Rh3 f5 26. hxg6 hxg6 27. Rf4
g5 28. Rff3 g4 29. Rfg3 Rf6 30. Qg5+ Qg7 31. Qh5 Rg6 32. Rh4 Qxd4+ 33. Kh2 Qg7
34. Rc3 Rd8 35. Kh1 Rg5 36. Qh6 Qxh6 37. Rxh6 Re8 38. Rc7 Rg7 39. Rc3 d4 40. Rd3
e5 41. Rf6 Rf7 42. Rd6 f4 43. Rd1 f3 44. Rg6+ Rg7 45. Rf6 Rf8 46. Re6 f2 {White
resigns} 0-1

[Event "Team 45 45 League T90"]
[Site "Internet Chess Club"]
[Date "2021.11.08"]
[Round "5"]
[White "ChessG2011"]
[Black "MartyJR"]
[Result "1/2-1/2"]
[WhiteElo "1431"]
[BlackElo "1421"]
[Opening "Sicilian: accelerated fianchetto, modern variation"]
[ECO "B34"]
[Time "21:30:32"]
[PlyCount "50"]
[TimeControl "2700+45"]

1. e4 c5 2. Nf3 Nc6 3. d4 cxd4 4. Nxd4 g6 5. Nc3 Bg7 6. Be3 Nf6 7. Be2 O-O 8.
O-O d5 9. exd5 Nxd5 10. Nxd5 Qxd5 11. c3 Nxd4 12. Bxd4 Bxd4 13. Qxd4 Qxd4 14.
cxd4 Be6 15. Rfd1 Bd5 16. b3 Rac8 17. Rac1 Rfd8 18. Bc4 Bxc4 19. Rxc4 Rxc4 20.
bxc4 Kf8 21. Kf1 Ke8 22. Ke2 Kd7 23. Ke3 h5 24. d5 Kd6 25. Kd4 b6 {Game drawn by
mutual agreement} 1/2-1/2

[Event "Team 45 45 League T90"]
[Site "Internet Chess Club"]
[Date "2021.11.05"]
[Round "5"]
[White "Toalla"]
[Black "smsxman"]
[Result "0-1"]
[WhiteElo "1140"]
[BlackElo "1323"]
[Opening "Scandinavian (center counter) defense"]
[ECO "B01"]
[Time "12:32:13"]
[PlyCount "86"]
[TimeControl "2700+45"]

1. e4 d5 2. exd5 Qxd5 3. Nc3 Qd8 4. d4 e6 5. Nf3 Nf6 6. Bd3 Be7 7. O-O Bd7 8.
Ne5 Nc6 9. Nxd7 Qxd7 10. Be3 a6 11. Ne4 Nb4 12. Nxf6+ Bxf6 13. c3 Nxd3 14. Qxd3
O-O 15. Rad1 Rad8 16. f4 Qa4 17. a3 c5 18. Qe4 cxd4 19. cxd4 Qb3 20. Rd2 Rfe8
21. Rfd1 Qd5 22. Qxd5 Rxd5 23. Rc2 Red8 24. Rdc1 Bxd4 25. Bxd4 Rxd4 26. Rc8 h6
27. Rxd8+ Rxd8 28. Kf1 Rd7 29. Ke2 g6 30. Rd1 Rc7 31. Kd2 Kg7 32. Rc1 Rxc1 33.
Kxc1 Kf6 34. Kd2 Kf5 35. Ke3 f6 36. g3 g5 37. b4 e5 38. fxg5 hxg5 39. a4 Kg4 40.
Ke4 Kh3 41. Kf5 Kxh2 42. Kxf6 e4 43. Kf5 e3 {White resigns} 0-1

[Event "Team 45 45 League T90"]
[Site "Internet Chess Club"]
[Date "2021.11.07"]
[Round "5"]
[White "Gojira"]
[Black "oldsj"]
[Result "1-0"]
[WhiteElo "1588"]
[BlackElo "1412"]
[Opening "Queen's pawn game"]
[ECO "A45"]
[Time "08:00:41"]
[PlyCount "45"]
[TimeControl "2700+45"]

1. d4 Nf6 2. Nc3 e6 3. Bf4 Bb4 4. e3 Ne4 5. Ne2 d5 6. a3 Nxc3 7. Nxc3 Be7 8. Bd3
Nd7 9. Nb5 Bd6 10. Nxd6+ cxd6 11. Bxd6 Nf6 12. Be5 O-O 13. Qf3 Nd7 14. Qh3 h6
15. Bd6 Re8 16. g4 Qf6 17. f4 g5 18. Be5 Nxe5 19. fxe5 Qg7 20. Qh5 Bd7 21. Rf1
Rf8 22. Rf6 Be8 23. Kd2 {Black resigns} 1-0

[Event "Team 45 45 League T90"]
[Site "Internet Chess Club"]
[Date "2021.11.06"]
[Round "5"]
[White "BrerRabbit"]
[Black "rkjulianjr"]
[Result "1/2-1/2"]
[WhiteElo "1347"]
[BlackElo "1332"]
[Opening "Queen's pawn game, Darooha variation "]
[ECO "D02"]
[Time "19:01:53"]
[PlyCount "39"]
[TimeControl "2700+45"]

1. d4 d5 2. Nf3 Nf6 3. g3 c6 4. Bg2 Bg4 5. c4 e6 6. h3 Bh5 7. O-O Nbd7 8. cxd5
Nxd5 9. a3 Be7 10. e4 N5f6 11. Nc3 O-O 12. Qc2 Bg6 13. Nh4 Bh5 14. Nf3 Bg6 15.
Qe2 h6 16. Bf4 Nh5 17. Be3 Nhf6 18. Bf4 Nh5 19. Be3 Nhf6 20. Bf4 {Game drawn by
repetition} 1/2-1/2

[Event "Team 45 45 League T90"]
[Site "Internet Chess Club"]
[Date "2021.11.07"]
[Round "5"]
[White "CMAlge"]
[Black "bardu"]
[Result "1/2-1/2"]
[WhiteElo "1238"]
[BlackElo "1308"]
[Opening "Queen's pawn: Chigorin variation"]
[ECO "D00"]
[Time "12:16:46"]
[PlyCount "43"]
[TimeControl "2700+45"]

1. d4 d5 2. Nc3 Nf6 3. Bf4 e6 4. e3 Bb4 5. Bd3 c5 6. dxc5 Nbd7 7. Ne2 Bxc5 8.
O-O Nh5 9. Re1 a6 10. Ng3 Nxf4 11. exf4 Qh4 12. Nxd5 O-O 13. Ne3 Qxf4 14. Ne4
Bxe3 15. Rxe3 b5 16. Qd2 Bb7 17. Nd6 Bd5 18. Bxh7+ Kh8 19. Be4 Qxd6 20. Rh3+ Kg8
21. Bh7+ Kh8 22. Bg6+ {Game drawn by mutual agreement} 1/2-1/2

[Event "Team 45 45 League T90"]
[Site "Internet Chess Club"]
[Date "2021.11.05"]
[Round "5"]
[White "stantheman59"]
[Black "Fulmar"]
[Result "0-1"]
[WhiteElo "1186"]
[BlackElo "1316"]
[Opening "QGD: 4.Bg5 Be7"]
[ECO "D53"]
[Time "19:32:02"]
[PlyCount "56"]
[TimeControl "2700+45"]

1. d4 d5 2. c4 e6 3. Nc3 Nf6 4. Bg5 Be7 5. Nf3 c6 6. e3 O-O 7. Bd3 dxc4 8. Bxc4
b5 9. Bd3 Bb7 10. Bxf6 Bxf6 11. Be4 a6 12. O-O Nd7 13. Qc2 g6 14. Ne2 Rc8 15.
Rfd1 Ba8 16. Ne5 Qc7 17. Nxc6 Bxc6 18. Bxc6 Qxc6 19. Qxc6 Rxc6 20. Rac1 Rfc8 21.
Nc3 Nb6 22. g3 b4 23. Ne2 Rxc1 24. Nxc1 Rc2 25. b3 Nd5 26. e4 Nc3 27. Re1 Rxc1
28. Rxc1 Ne2+ {White resigns} 0-1

[Event "Team 45 45 League T90"]
[Site "Internet Chess Club"]
[Date "2021.11.03"]
[Round "5"]
[White "rhayder"]
[Black "PsyMar"]
[Result "0-1"]
[WhiteElo "955"]
[BlackElo "1287"]
[Opening "Ruy Lopez: open, classical defense"]
[ECO "C83"]
[Time "18:01:28"]
[PlyCount "64"]
[TimeControl "2700+45"]

1. e4 e5 2. Nf3 Nc6 3. Bb5 a6 4. Ba4 Nf6 5. O-O Nxe4 6. d4 b5 7. Bb3 d5 8. dxe5
Be6 9. c3 Be7 10. Nbd2 Nc5 11. Bc2 Qd7 12. h3 O-O-O 13. Re1 h5 14. Ng5 Bxg5 15.
Nf3 Bh6 16. Be3 Bxe3 17. Rxe3 Ne4 18. Bxe4 dxe4 19. Qxd7+ Rxd7 20. Rxe4 Bd5 21.
Re3 Re7 22. Nd4 h4 23. Nxc6 Bxc6 24. Rd1 Rh5 25. f4 g5 26. g3 hxg3 27. Rxg3 gxf4
28. Rg8+ Kb7 29. Rdd8 Rhxe5 30. Rb8+ Ka7 31. h4 Re1+ 32. Kh2 Rh1# {White
checkmated} 0-1